 Dungeon Crawl Stone Soup version 0.29.1-13-g9f3cf754e1 (webtiles) character file.

Game seed: 8922291225043866442

46 Ghostmaker01 the Shield-Bearer (level 3, -7/35 HPs)
             Began as a Gnoll Wanderer on Jan 23, 2023.
             Mangled by a worm (10 damage)
             ... on level 2 of the Dungeon.
             The game lasted 00:12:35 (1854 turns).

Ghostmaker01 the Shield-Bearer (Gnoll Wanderer)     Turns: 1854, Time: 00:12:36

Health: -7/35      AC:  2    Str:  9    XL:     3   Next: 68%
Magic:  7/7        EV: 11    Int: 14    God:
Gold:   87         SH:  9    Dex: 12    Spells: 6/7 levels left

rFire   . . .      SeeInvis .   a - +0 dagger
rCold   . . .      Faith    .   m - +0 kite shield
rNeg    . . .      Spirit   .   d - +0 robe
rPois   .          Reflect  .   (no helmet)
rElec   .          Harm     .   (no cloak)
rCorr   .          Rampage  .   (no gloves)
Will    .....                   (no boots)
Stlth   ++........              j - amulet of magic regeneration
HPRegen 0.11/turn               (no ring)
MPRegen 0.50/turn               (no ring)

@: no status effects
A: fangs 1, strong nose, distributed training
a: no special abilities


You were on level 2 of the Dungeon.
You visited 1 branch of the dungeon, and saw 2 of its levels.

You collected 87 gold pieces.

Inventory:

Hand Weapons
 a - a +0 dagger (weapon)
 h - a +1 whip of draining
Missiles
 k - 6 javelins
Armour
 d - a +0 robe (worn)
 e - a +0 buckler of protection
 m - a +0 kite shield (worn)
Jewellery
 i - an amulet of magic regeneration
 j - an amulet of magic regeneration (around neck)
Scrolls
 b - a scroll of fog
 c - 2 scrolls of fear
 g - a scroll of amnesia {unknown}
 l - 3 scrolls of enchant armour {unknown}
 n - a scroll of teleportation {unknown}
Potions
 f - a potion of magic {unknown}


   Skills:
 + Level 6.5 Fighting
 + Level 1.0 Short Blades
 + Level 1.0 Long Blades
 + Level 1.0 Axes
 + Level 1.0 Maces & Flails
 + Level 1.0 Polearms
 + Level 1.0 Staves
 + Level 1.0 Ranged Weapons
 + Level 1.0 Throwing
 + Level 2.6 Armour
 + Level 2.6 Dodging
 + Level 1.0 Stealth
 + Level 6.5 Shields
 + Level 1.0 Unarmed Combat
 + Level 2.9 Spellcasting
 + Level 0.7 Conjurations
 + Level 0.7 Hexes
 + Level 0.7 Summonings
 + Level 0.7 Necromancy
 + Level 0.7 Translocations
 + Level 0.7 Transmutations
 + Level 0.7 Fire Magic
 + Level 0.7 Ice Magic
 + Level 2.1 Air Magic
 + Level 0.7 Earth Magic
 + Level 0.7 Poison Magic
 + Level 1.0 Invocations
 + Level 1.0 Evocations


You had 6 spell levels left.
You knew the following spells:

 Your Spells              Type           Power      Damage    Failure   Level
a - Shock                 Conj/Air       24%        1d4       30%         1

Your spell library contained the following spells:

 Spells                   Type           Power      Damage    Failure   Level
 Swiftness                Air            8%         N/A       56%         3


Dungeon Overview and Level Annotations

Branches:
Dungeon (2/15)

Altars:


Innate Abilities, Weirdness & Mutations

You have very sharp teeth.
Your uncanny sense of smell can sniff out nearby items.
Your experience applies equally to all skills.


Message History

You hit the endoplasm but do no damage.
The endoplasm is lightly wounded.
The endoplasm closely misses you.
You hit the endoplasm but do no damage.
The endoplasm is lightly wounded.
The endoplasm hits you but does no damage.
You hit the endoplasm but do no damage.
The endoplasm is lightly wounded.
You block the endoplasm's attack. The endoplasm misses you.
You hit the endoplasm.
The endoplasm is moderately wounded.
The endoplasm misses you.
You hit the endoplasm.
The endoplasm is heavily wounded.
The endoplasm freezes you.
You are frozen.
The worm bites you!
You barely miss the endoplasm.
The endoplasm is heavily wounded.
The endoplasm closely misses you.
You hit the endoplasm.
The endoplasm is almost dead.
The endoplasm freezes you.
You are frozen.
The worm bites you.
* * * LOW HITPOINT WARNING * * *
You hit the endoplasm.
You kill the endoplasm!
There is an open door here.
You hit the worm.
The worm is lightly wounded.
The worm bites you.
* * * LOW HITPOINT WARNING * * *
You hit the worm.
The worm is lightly wounded.
You completely miss the worm.
The worm is lightly wounded.
You block the worm's attack.
You hit the worm.
The worm is moderately wounded.
The worm bites you!
You die...

####### ......#
###########
......###.........#
..................#
......#...######..###
<.....#.###...###)..#
.
######..##.....##..†#
...
#..##.......#...#.....
#.##
..$....@w..'....?. #.
.......#...#...... #.
#.....##...##..... #.
##...# #..[# #...#
##... #### #...# ####
....##### ∆ #...# ...#
#..# #...# #..###..#
#...# .....#.<# ∆


You could see a worm.

Vanquished Creatures
  An adder (D:2)
  A dart slug (D:1)
  A ball python (D:1)
  4 endoplasms
  6 giant cockroaches
  3 goblins (D:2)
  2 hobgoblins
  3 jackals (D:1)
  2 bats
  2 frilled lizards (D:2)
  3 kobolds
  4 rats
32 creatures vanquished.

Notes
Turn   | Place    | Note
-------+----------+-------------------------------------------
     0 | D:1      | Ghostmaker01 the Gnoll Wanderer began the quest for the
                  | Orb.
     0 | D:1      | Ghostmaker01 set off with the following items: a +0 dagger,
                  | a scroll of fog, a scroll of fear, a +0 robe, a +0 buckler
                  | of protection; and the following spell memorised: Shock;
                  | and the following spells available to memorise: Swiftness.
     0 | D:1      | Reached XP level 1. HP: 23/23 MP: 4/4
   164 | D:1      | Reached XP level 2. HP: 28/29 MP: 2/5
  1283 | D:2      | Reached XP level 3. HP: 35/35 MP: 4/7
  1452 | D:2      | Reached skill level 1 in Invocations
  1838 | D:2      | Reached skill level 1 in Short Blades
  1838 | D:2      | Reached skill level 1 in Long Blades
  1838 | D:2      | Reached skill level 1 in Axes
  1838 | D:2      | Reached skill level 1 in Maces & Flails
  1838 | D:2      | Reached skill level 1 in Polearms
  1838 | D:2      | Reached skill level 1 in Staves
  1838 | D:2      | Reached skill level 1 in Ranged Weapons
  1838 | D:2      | Reached skill level 1 in Throwing
  1838 | D:2      | Reached skill level 1 in Stealth
  1838 | D:2      | Reached skill level 1 in Unarmed Combat
  1838 | D:2      | Reached skill level 1 in Evocations
  1854 | D:2      | Mangled by a worm

Illustrated notes

Levels and vault maps discovered:
D:1:      beargit_arrival_greenhouse, layout_loops_ring, st_stairs_14,
          minmay_misc_feat_rugged
D:2:      kennysheep_six_static_rooms, layout_rooms

Skill      XL: |  1  2  3 |
---------------+----------+-----
Air Magic      | 2 |  2.1
Invocations    | 1 |  1.0
Short Blades   | 1 |  1.0
Long Blades    | 1 |  1.0
Axes           | 1 |  1.0
Maces & Flails | 1 |  1.0
Polearms       | 1 |  1.0
Staves         | 1 |  1.0
Ranged Weapons | 1 |  1.0
Throwing       | 1 |  1.0
Stealth        | 1 |  1.0
Unarmed Combat | 1 |  1.0
Evocations     | 1 |  1.0
Fighting       | |  6.5
Armour         | |  2.6
Dodging        | |  2.6
Shields        | |  6.5
Spellcasting   | |  2.9
Conjurations   | |  0.7
Hexes          | |  0.7
Summonings     | |  0.7
Necromancy     | |  0.7
Translocations | |  0.7
Transmutations | |  0.7
Fire Magic     | |  0.7
Ice Magic      | |  0.7
Earth Magic    | |  0.7
Poison Magic   | |  0.7

Action                   || total
-------------------------++-------
Melee: Dagger            ||   144
       Bite              ||    14
 Cast: Shock             ||    37
Armor: Robe              ||    42
Dodge: Dodged            ||    87
Block: Buckler           ||    20
       Kite shield       ||    45
